 Dungeon Crawl Stone Soup version 0.29-a0-323-g050149af67 (webtiles) character file.

Game seed: 2253643498281798734

103 dracfodder the Bolt Thrower (level 4, -13/38 HPs)
             Began as a Minotaur Hunter on Apr 12, 2022.
             Mangled by Crazy Yiuf
             ... wielding a +4 quarterstaff of chaos
              (15 damage)
             ... on level 2 of the Dungeon.
             The game lasted 00:04:05 (1419 turns).

dracfodder the Bolt Thrower (Minotaur Hunter)       Turns: 1419, Time: 00:04:06

Health: -13/38     AC:  3    Str: 20 (22) XL:     4   Next: 51%
Magic:  3/3        EV: 16    Int:  4 (6)  God:
Gold:   70         SH:  0    Dex: 12 (15) Spells: 3/3 levels left

rFire   . . .      SeeInvis .   b - +0 hand axe
rCold   . . .      Faith    .   (no shield)
rNeg    . . .      Spirit   .   d - +0 leather armour
rPois   .          Reflect  .   (helmet restricted)
rElec   .          Harm     .   (no cloak)
rCorr   .          Rampage  .   (no gloves)
Will    .....                   (no boots)
Stlth   +.........              (no amulet)
HPRegen 0.12/turn               e - +6 ring of strength
MPRegen 0.08/turn               g - +4 ring of evasion

@: no status effects
A: horns 2, retaliatory headbutt
a: no special abilities


You were on level 2 of the Dungeon.
You visited 1 branch of the dungeon, and saw 2 of its levels.

You collected 70 gold pieces.

Inventory:

Hand Weapons
 a - a +1 hand crossbow
 b - a +0 hand axe (weapon)
Armour
 d - a +0 leather armour (worn)
Jewellery
 e - a +6 ring of strength (left hand)
 g - a +4 ring of evasion (right hand)
Scrolls
 c - a scroll of immolation
 f - 4 scrolls of identify {unknown}


   Skills:
 + Level 3.2 Fighting
 + Level 6.1 Crossbows
 + Level 0.8 Armour
 + Level 2.3 Dodging
 + Level 0.7 Stealth


You had 3 spell levels left.
You didn't know any spells.
Your spell library was empty.

Dungeon Overview and Level Annotations

Branches:
Dungeon (2/15)

Altars:

Annotations:
D:2 Crazy Yiuf


Innate Abilities, Weirdness & Mutations

You have a pair of horns on your head.
You reflexively headbutt those who attack you in melee.


Message History

You kill the giant cockroach!
No target in view!
Things that are here:
a +0 dagger; a goblin skeleton
Found a short sword.
There is a stone staircase leading up here.
You see here a +0 hand axe.
Crazy Yiuf shouts!
Could not explore, unopened runed door.
You open the door. You shoot a bolt. The bolt hits Crazy Yiuf.
Crazy Yiuf is lightly wounded.
Crazy Yiuf hits you with a +4 quarterstaff of chaos!
You shoot a bolt. The bolt hits Crazy Yiuf.
Crazy Yiuf is moderately wounded.
Crazy Yiuf barely misses you.
You shoot a bolt. The bolt hits Crazy Yiuf.
Crazy Yiuf is heavily wounded.
Crazy Yiuf grits, "Snower!
Fire song alas."
Crazy Yiuf barely misses you.
You shoot a bolt. The bolt closely misses Crazy Yiuf.
Crazy Yiuf hits you with a +4 quarterstaff of chaos!
Crazy Yiuf freezes you.
* * * LOW HITPOINT WARNING * * *
You are too injured to fight recklessly!
You are too injured to fight recklessly!
You are too injured to fight recklessly!
Crazy Yiuf attacks as you move away!
Crazy Yiuf hits you with a +4 quarterstaff of chaos!
* * * LOW HITPOINT WARNING * * *
Crazy Yiuf attacks as you move away! Crazy Yiuf closely misses you.
Crazy Yiuf whimpers, "Snower!
Snower foot shoe."
Crazy Yiuf attacks as you move away! Crazy Yiuf completely misses you.
It was a potion of degeneration.
There was something very wrong with that liquid.
You feel weakened.
You feel dopey.
You feel clumsy. Crazy Yiuf barely misses you. You furiously retaliate!
You headbutt Crazy Yiuf.
b - a +0 hand axe (weapon)
Crazy Yiuf hits you with a +4 quarterstaff of chaos!
You die...

# #.....#.# ##.#
#...#######
####.......# #.##
#.#........
......†..### ##.#
#...####)##
#.#.#....#### #.##
##.## #.#
#.#.........#
##.## #.# #.#
#.###....####
#...## ##.# #.#
#.....#.## #....#
#..# #.# #######.#
#+g.+# #### #.#
#######.# #.@..#
#.# ......#.#
###...# #.#
........# #....##
#.# .####.###
#.#### #.# .# ##.#
#.# #.## .# #..#
#.# #... .# #.##
#.# #### .# #.#
#.# .#
#.#########.######


You could see Crazy Yiuf.

Vanquished Creatures
  An orc priest (D:2)
  An orc wizard (D:2)
  An adder (D:2)
  A dart slug (D:2)
  2 orcs (D:2)
  2 bats (D:1)
  2 endoplasms (D:1)
  3 giant cockroaches (D:2)
  3 goblins
  5 hobgoblins
  2 jackals (D:1)
  A kobold (D:2)
  5 ball pythons
  A frilled lizard (D:2)
  4 rats
34 creatures vanquished.

Notes
Turn   | Place    | Note
-------+----------+-------------------------------------------
     0 | D:1      | dracfodder the Minotaur Hunter began the quest for the Orb.
     0 | D:1      | Reached XP level 1. HP: 18/18 MP: 0/0
   196 | D:1      | Reached XP level 2. HP: 25/25 MP: 1/1
   230 | D:1      | Found a faded altar of an unknown god.
   363 | D:1      | Reached skill level 5 in Crossbows
   674 | D:2      | Reached XP level 3. HP: 14/30 MP: 2/2
   685 | D:2      | Reached skill level 6 in Crossbows
   685 | D:2      | Reached XP level 4. HP: 9/38 MP: 3/3
  1194 | D:2      | Found a runed translucent door.
  1195 | D:2      | Noticed Crazy Yiuf
  1413 | D:2      | HP: 1/38 [Crazy Yiuf/+4 quarterstaff of chaos (9)]
  1419 | D:2      | Mangled by Crazy Yiuf

Illustrated notes

Levels and vault maps discovered:
D:1:      minmay_arrival_shattered_statue, layout_rooms,
          dilly_ecumenical_altar_fadedgnrine, hangedman_abyss_or_decor_stabs
D:2:      layout_loops_ring, uniq_crazy_yiuf_cottage

Skill      XL: |  1  2  3 |
---------------+----------+-----
Crossbows      | 5 6 |  6.1
Fighting       | 3 |  3.2
Armour         | |  0.8
Dodging        | |  2.3
Stealth        | |  0.7

Action                   |  1- 3 |  4- 6 || total
-------------------------+-------+-------++-------
Melee: Hand axe          |     2 |     1 ||     3
 Fire: Hand crossbow     |    50 |    31 ||    81
  Use: Potion            |       |     1 ||     1
Armor: Leather armour    |     1 |       ||     1
Dodge: Dodged            |    12 |     9 ||    21

Table legend: (Time is in decaauts)
 A = Elapsed time spent in this place.
 B = Non-inter-level travel time spent in this place.
 C = Inter-level travel time spent in this place.
 D = Time resting spent in this place.
 E = Time spent auto-exploring this place.
 F = Levels seen in this place.
 G = Mean time per level.
                   A        B        C        D        E       F      G
               +--------+--------+--------+--------+--------+-----+--------+
         Total |   1438 |   1422 |     16 |    235 |    985 |   2 |  719.0 |
       Dungeon |   1438 |   1422 |     16 |    235 |    985 |   2 |  719.0 |
               +--------+--------+--------+--------+--------+-----+--------+

Top non-repeatable levels by time:
     D:2: 994 daAuts
     D:1: 443 daAuts
